AoeStats
← qompam

Arena

503852400Analyzed
1v1 RM · 1mo ago on Sep 2, 2026· 64m 17s· 2 players
Game mode
Random Map
Map size
Tiny (2 player)
Population
200
Speed
Normal
Resources
Standard
Victory
Conquest
Starting age
Dark Age
Ending age
Imperial Age
RankedLock teamsTeams togetherTeam positionsShared explorationLock speedFull tech treeHidden civsTurbo modeCheats
Victory
Defeat
🇪🇸 Malians · Spain
1150
+15
🇵🇱 Aztecs · Poland
1126
-15
qompam
7:42 Loom
10:19 Feudal Age
10:58 Horse Collar
14:10 Castle Age
12:23 Double-Bit Axe
16:12 Bow Saw
18:31 Horse Collar
19:34 Gold Mining
20:40 Redemption
23:16 Gold Shaft Mining
24:23 Heavy Plow
25:32 Fervor
25:23 Atonement
25:44 Sanctity
25:27 Devotion
28:22 Stone Mining
30:23 Wheelbarrow
30:38 Stone Shaft Mining
33:08 Imperial Age
30:42 Herbal Medicine
31:15 Squires
33:01 Hand Cart
32:32 Town Watch
35:52 Town Patrol
35:59 Atlatl
37:52 Conscription
37:28 Fletching
37:38 Padded Archer Armor
38:04 Elite Skirmisher
38:47 Bodkin Arrow
39:07 Leather Archer Armor
40:36 Ballistics
40:31 Fortified Wall
40:39 Fortified Wall
41:46 Theocracy
41:32 Block Printing
41:48 Illumination
41:14 Onager
41:46 Arson
41:23 Eagle Warrior
43:11 Chemistry
43:07 Sappers
44:44 Crop Rotation
44:25 Bracer
45:25 Pikeman
46:18 Siege Engineers
46:49 Siege Onager
47:13 Elite Eagle Warrior
49:03 Elite Jaguar Warrior
51:06 Scale Mail Armor
51:16 Forging
52:56 Chain Mail Armor
53:16 Iron Casting
53:04 Murder Holes
54:33 Garland Wars
56:24 Plate Mail Armor
56:55 Blast Furnace
63:12 Capped Ram
Liopoldo
10:49 Feudal Age
14:31 Castle Age
12:47 Horse Collar
12:58 Double-Bit Axe
13:18 Horse Collar
15:36 Bow Saw
18:45 Loom
18:54 Town Watch
20:33 Wheelbarrow
23:42 Scale Mail Armor
24:28 Forging
25:59 Chain Mail Armor
28:53 Iron Casting
32:40 Imperial Age
30:28 Hand Cart
30:04 Arson
31:36 Heavy Plow
31:34 Gold Mining
34:16 Gold Shaft Mining
33:31 Stone Mining
34:28 Crop Rotation
35:06 Chemistry
34:28 Ballistics
34:24 Squires
33:45 Man-at-Arms
35:01 Town Patrol
35:19 Bloodlines
35:32 Conscription
36:14 Elite Gbeto
37:48 Hoardings
38:59 Farimba
39:32 Cavalier
40:13 Husbandry
39:33 Light Cavalry
39:40 Capped Ram
40:35 Masonry
40:28 Tigui
42:16 Long Swordsman
42:17 Pikeman
42:21 Heavy Camel Rider
43:58 Plate Mail Armor
43:34 Scale Barding Armor
43:55 Onager
44:47 Two-Handed Swordsman
46:37 Champion
47:48 Chain Barding Armor
47:19 Fletching
47:29 Padded Archer Armor
48:04 Architecture
48:22 Fervor
48:33 Sanctity
49:08 Murder Holes
49:25 Fortified Wall
50:04 Plate Barding Armor
53:20 Bodkin Arrow
Connection lost

Rejoining the realm…

Still unreachable

The connection could not be restored.

Session expired

The server has moved on; the page needs a fresh start.